 Dungeon Crawl Stone Soup version 0.26.1-10-gdfb7c7de75 (webtiles) character file.

Game seed: 13531425993094671990

2650 Revguard the Covert (level 9, 0/44 HPs)
             Began as a Spriggan Enchanter on Apr 2, 2021.
             Was a Believer of Dithmenos.
             Slain by an orc warrior
             ... wielding a +0 halberd
              (17 damage)
             ... in a bailey.
             The game lasted 00:41:38 (9180 turns).

Revguard the Covert (Spriggan Enchanter)            Turns: 9180, Time: 00:41:40

Health: 0/44       AC:  5    Str:  4    XL:     9   Next: 36%
Magic:  13/19      EV: 20    Int: 19    God:    Dithmenos [**....]
Gold:   285        SH:  0    Dex: 17    Spells: 9/21 levels left

rFire    . . .     SeeInvis +   f - +3 short sword (protect)
rCold    + . .     Faith    .   (shield restricted)
rNeg     . . .     Spirit   .   h - +2 robe {rC+}
rPois    .         Reflect  .   (helmet restricted)
rElec    .         Harm     .   k - +0 cloak
rCorr    .         Rampage  .   (gloves unavailable)
Will     ++...                  (boots unavailable)
Stlth    +++++++...             (no amulet)
HPRegen  0.14/turn              i - ring of willpower
MPRegen  0.16/turn              a - ring of stealth

@: very slightly contaminated, wreathed by umbra, very quick
A: very small, unfitting armour, see invisible, speed 3
a: Renounce Religion, Shadow Step


You were in a bailey.
You worshipped Dithmenos.
Dithmenos was pleased with you.
You visited 2 branches of the dungeon, and saw 8 of its levels.
You also visited: Bailey.

You collected 477 gold pieces.
You spent 192 gold pieces at shops.

Inventory:

Hand Weapons
 f - a +3 short sword of protection (weapon)
 g - the +10 whip "Oluov" {drain, rF- MP+9 Str+7}
   (You found it on level 4 of the Dungeon)

   A truly terrible weapon, it drains the life of those it strikes.
   It affects your strength (+7).
   It makes you vulnerable to fire.
   It affects your magic capacity (+9).
Armour
 b - a +0 robe
 h - a +2 robe of cold resistance (worn)
 k - a +0 cloak (worn)
Jewellery
 a - a ring of stealth (right hand)
 i - a ring of willpower (left hand)
 n - an uncursed ring of resist corrosion
Wands
 m - a wand of random effects (12)
Scrolls
 e - a scroll of blinking
 j - 2 scrolls of teleportation
 l - 5 scrolls of remove curse
 p - a scroll of amnesia
Potions
 c - a potion of lignification
 q - 2 potions of curing


   Skills:
 * Level 3.6 Fighting
 * Level 6.1 Short Blades
 + Level 5.1 Dodging
 + Level 9.1 Stealth
 * Level 6.6 Spellcasting
 * Level 7.1 Hexes
 * Level 5.3 Translocations
 + Level 2.1 Ice Magic


You had 9 spell levels left.
You knew the following spells:

 Your Spells              Type           Power        Failure   Level
a - Apportation           Tloc           52%          1%          1
b - Ensorcelled Hibernat  Hex/Ice        46%          2%          2
c - Tukima's Dance        Hex            33%          1%          3
d - Confusing Touch       Hex            33%          1%          3
e - Dazzling Flash        Conj/Hex       38%          8%          3

Your spell library contained the following spells:

 Spells                   Type           Power        Failure   Level
 Corona                   Hex            36%          1%          1
 Animate Skeleton         Necr           12%          11%         1
 Summon Small Mammal      Summ           24%          11%         1


Dungeon Overview and Level Annotations

Branches:
Dungeon (7/15)             Temple (1/1) D:5          Bailey (1/1)

Altars:
Ashenzari
Dithmenos
Elyvilon
Fedhas
Gozag
Hepliaklqana
Kikubaaqudgha
Nemelex Xobeh
Qazlal
Ru
Sif Muna
Trog
Uskayaw
Xom
Yredelemnul
Zin
The Shining One

Shops:
D:5 =


Innate Abilities, Weirdness & Mutations

You are very small and have problems with some larger weapons.
You are too small for most types of armour.
You have supernaturally acute eyesight. (SInv)
You cover ground extremely quickly.


Message History

You are very lightly contaminated with residual magic.
Nothing appears to happen.
The orc warrior hits you from afar with a +0 halberd!
The orc closely misses you.
Casting: Ensorcelled Hibernation (safe; 2% risk of failure)
Confirm with . or Enter, or press ? or * to list all spells.
Aiming: Ensorcelled Hibernation (safe; 2% risk of failure)
Press: ? - help, Shift-Dir - straight line, f/p - orc
Aim: an orc, wielding a +0 halberd and wearing a +0 chain mail (umbra, chance to affect: 70%)
The orc struggles to resist.
The orc warrior hits you from afar with a +0 halberd!!
The orc completely misses you.
Casting: Ensorcelled Hibernation (safe; 2% risk of failure)
Confirm with . or Enter, or press ? or * to list all spells.
Aiming: Ensorcelled Hibernation (safe; 2% risk of failure)
Press: ? - help, Shift-Dir - straight line, f/p - orc
Aim: an orc, wielding a +0 halberd and wearing a +0 chain mail (umbra, chance to affect: 70%)
The orc looks drowsy...
The orc warrior hits you from afar with a +0 halberd!
You die...

########## ≈≈≈≈≈≈≈≈≈##
..........## .......o...##
##+##########⌠o.@....#
............#####....#
...≈≈≈≈≈≈≈≈≈....##...#
..≈≈.......≈≈≈.⌠.#...#
...)≈≈≈≈≈≈≈..≈≈..#...#
..≈≈≈.....≈≈≈.≈≈.#⌠..#
.≈≈..≈≈≈≈≈))≈≈.≈.##..# .
≈≈.≈≈≈...≈≈≈)≈.≈≈.#..#####..
≈.≈≈..⌠.⌠..≈.≈≈.≈.#..'......


You could see an orc warrior and an orc (asleep).

Vanquished Creatures
  Pikel (D:4)
  4 orc warriors
  A phantom (D:4)
  An ice beast (D:7)
  An ogre (D:6)
  4 lemures (D:4)
  4 centaurs
  Blork the orc (D:6)
  3 bullfrogs (D:6)
  2 scorpions (D:4)
  A howler monkey (D:5)
  A bullfrog zombie (D:5)
  4 hounds
  An orc priest (D:6)
  A centaur skeleton (D:5)
  3 orc wizards (D:6)
  4 bullfrog skeletons
  3 iguanas
  5 worker ants
  11 adders
  A shadow imp (D:6)
  A white imp (D:5)
  2 oozes
  An adder skeleton (D:4)
  A worm (D:4)
  A leopard gecko (D:5)
  31 orcs
  5 bats
  4 giant cockroaches
  7 goblins
  5 hobgoblins
  3 jackals
  7 kobolds
  2 quokkas (D:3)
  7 frilled lizards
  A goblin zombie (D:5)
  A jackal skeleton (D:5)
  A quokka skeleton (D:4)
  A quokka zombie (D:5)
  17 rats
  A rat zombie (D:5)
156 creatures vanquished.

Vanquished Creatures (others)
  A wizard (D:4)
  A dancing weapon (D:4)
  5 plants
7 creatures vanquished.

Grand Total: 163 creatures vanquished

Notes
Turn   | Place    | Note
-------+----------+-------------------------------------------
     0 | D:1      | Revguard the Spriggan Enchanter began the quest for the
                  | Orb.
     0 | D:1      | Reached XP level 1. HP: 9/9 MP: 5/5
   567 | D:1      | Reached XP level 2. HP: 9/13 MP: 4/6
   826 | D:1      | Learned a level 2 spell: Ensorcelled Hibernation
  1099 | D:1      | Reached skill level 5 in Stealth
  1472 | D:1      | Reached XP level 3. HP: 13/16 MP: 4/8
  1479 | D:1      | Learned a level 3 spell: Tukima's Dance
  2635 | D:2      | Reached XP level 4. HP: 21/21 MP: 4/9
  2642 | D:2      | Learned a level 3 spell: Confusing Touch
  3386 | D:3      | You fall into a shaft and drop 1 floor!
  3412 | D:4      | Reached skill level 6 in Stealth
  3419 | D:4      | Reached XP level 5. HP: 10/25 MP: 2/11
  3785 | D:4      | Found a hide-covered altar of Uskayaw.
  3856 | D:4      | Reached skill level 1 in Fighting
  3961 | D:4      | Reached skill level 5 in Hexes
  3985 | D:4      | Found a bloodstained altar of Trog.
  3989 | D:4      | Noticed a wizard
  3997 | D:4      | Killed a wizard
  4066 | D:4      | Reached skill level 1 in Ice Magic
  4076 | D:4      | Got a brightly glowing whip
  4077 | D:4      | Identified the +10 whip "Oluov" {drain, rF- MP+9 Str+7}
                  | (You found it on level 4 of the Dungeon)
  4088 | D:4      | Reached XP level 6. HP: 22/30 MP: 12/12
  4292 | D:4      | Noticed Pikel
  4995 | D:4      | Learned a level 1 spell: Apportation
  5362 | D:4      | Killed Pikel
  5363 | D:4      | Reached skill level 7 in Stealth
  5363 | D:4      | Reached XP level 7. HP: 21/35 MP: 6/15
  5780 | D:5      | Entered Level 5 of the Dungeon
  5787 | D:5      | Found a staircase to the Ecumenical Temple.
  5800 | Temple   | Entered the Ecumenical Temple
  5845 | Temple   | Became a worshipper of Dithmenos the Shadowed
  5965 | D:5      | Reached skill level 5 in Spellcasting
  5978 | D:5      | Reached XP level 8. HP: 36/39 MP: 16/16
  6235 | D:5      | Found Zude Ses's Jewellery Shop.
  6245 | D:5      | Bought an uncursed ring of stealth for 192 gold pieces
  6653 | D:5      | Reached skill level 8 in Stealth
  6996 | D:6      | Reached skill level 5 in Short Blades
  7017 | D:6      | Reached * piety under Dithmenos
  7416 | D:6      | Noticed Blork the orc
  7723 | D:6      | Killed Blork the orc
  7813 | D:6      | Learned a level 3 spell: Dazzling Flash
  7852 | D:6      | Reached XP level 9. HP: 43/44 MP: 11/19
  8233 | D:7      | Found a flagged portal.
  8282 | Bailey   | Entered a bailey
  8292 | Bailey   | Reached skill level 5 in Dodging
  8292 | Bailey   | Reached skill level 9 in Stealth
  8296 | Bailey   | Reached skill level 5 in Translocations
  8664 | Bailey   | Reached ** piety under Dithmenos
  9180 | Bailey   | Slain by an orc warrior

Illustrated notes

Levels and vault maps discovered:
D:1:      saegor_arrival_simple_d, layout_basic, st_stairs_6,
          minmay_curled_crystal, grunt_decor_mini_mirrors,
          minmay_rat_gold_closets
D:2:      layout_loops_cross, serial_forest, infiniplex_forest_straight_2,
          infiniplex_forest_lined_room_3, infiniplex_forest_clump_tiny,
          infiniplex_forest_fountain, infiniplex_forest_clump_tiny,
          infiniplex_forest_end_double
D:3:      layout_rooms
D:4:      layout_gridville, overflow_temple_1_default, trog_wizard, uniq_pikel
D:5:      layout_loops_cross, minmay_temple_entry_slanted, enter_ossuary_4,
          serial_shops, nicolae_shop_statue_plus, corexii_shack, st_stairs_1
D:6:      layout_cave_pools, uniq_blork_the_orc
D:7:      layout_cave_pools, makhleb_altar_promises_db, enter_bailey_2,
          grunt_ministairs_14
Temple:   nicolae_temple_elliptical
Bailey:   bailey_polearm_flooded_kennysheep, bailey

Skill      XL: |  1  2  3  4  5  6  7  8  9 |
---------------+----------------------------+-----
Stealth        | 5 6 7 8 9 |  9.1
Hexes          | 4 5 6 7 |  7.1
Spellcasting   | 3 4 5 6 |  6.6
Short Blades   | 2 4 5 6 |  6.1
Fighting       | 1 2 3 |  3.6
Ice Magic      | 1 2 |  2.1
Dodging        | 4 5 |  5.1
Translocations | 2 3 4 5 |  5.3

Action                   |  1- 3 |  4- 6 |  7- 9 || total
-------------------------+-------+-------+-------++-------
Melee: Dagger            |    53 |       |       ||    53
       Short sword       |    50 |   185 |   348 ||   583
Throw: Throwing net      |       |     1 |       ||     1
 Cast: Corona            |     8 |       |       ||     8
       Ensorcelled Hiber |    20 |    54 |    72 ||   146
       Tukima's Dance    |     1 |     2 |     1 ||     4
       Confusing Touch   |       |     2 |     5 ||     7
  Use: Scroll            |       |     7 |     5 ||    12
       Potion            |       |     4 |     5 ||     9
 Stab: Sleeping          |    23 |    32 |    46 ||   101
       Distracted        |     1 |       |     1 ||     2
       Confused          |       |     5 |     3 ||     8
       Held in net/web   |       |     1 |       ||     1
Armor: Robe              |    12 |    41 |    52 ||   105
Dodge: Dodged            |    90 |   176 |   317 ||   583
